 Dungeon Crawl Stone Soup version 0.22.1-6-g1668fe2 (webtiles) character file.

346159 lorenzova the Sorcerer (level 21, -8/112 HPs)
             Began as a Deep Elf Conjurer on Jan 20, 2019.
             Was the Champion of Vehumet.
             Mangled by a caustic shrike (14 damage)
             ... on level 2 of the Depths on Jan 24, 2019.
             The game lasted 05:32:57 (70682 turns).

lorenzova the Sorcerer (Deep Elf Conjurer)         Turns: 70682, Time: 05:32:58

Health: -8/112     AC: 22    Str: 12    XL:     21   Next: 18%
Magic:  14/51      EV: 14    Int: 35    God:    Vehumet [******]
Gold:   1559       SH:  6    Dex:  8    Spells: 18/68 levels left

rFire    + . .     SeeInvis +   w - +1 hand axe of the Dwarven Hall {elec, rF+ MR+ Int+4 Dex-2}
rCold    . . .     Gourm    .   m - +2 buckler {AC+3}
rNeg     . . .     Faith    .   T - +3 ring mail {rPois}
rPois    +         Spirit   .   u - +0 helmet
rElec    +         Reflect  .   t - scarf {cloud immunity}
rCorr    .         Harm     .   P - +2 pair of gloves
MR       ++++.                  K - +2 pair of boots
Stlth    +.........             N - amulet "Ogipsuo" {rElec Regen+ Str+7 Dex-5 SInv}
HPRegen  0.68/turn              v - +5 ring of protection
MPRegen  0.32/turn              R - ring of protection from magic

@: about to teleport, corroded, very slightly contaminated
A: no striking features
}: 2/15 runes: decaying, serpentine
a: Renounce Religion


You were on level 2 of the Depths.
You worshipped Vehumet.
Vehumet was exalted by your worship.
You were not hungry.

You visited 7 branches of the dungeon, and saw 36 of its levels.
You also visited: Bailey.

You collected 4201 gold pieces.
You spent 2642 gold pieces at shops.

Inventory:

Hand Weapons
 w - the +1 hand axe of the Dwarven Hall (weapon) {elec, rF+ MR+ Int+4 Dex-2}
   (You took it off a goblin on level 4 of the Dungeon)

   Occasionally, upon striking a foe, it will discharge some electrical energy
   and cause terrible harm.
   It affects your intelligence (+4).
   It affects your dexterity (-2).
   It protects you from fire.
   It affects your resistance to hostile enchantments.
Armour
 k - a +2 ring mail of fire resistance
 m - a +2 buckler of protection (worn)
 t - a scarf of cloud immunity (worn)
 u - a +0 helmet (worn)
 K - a +2 pair of boots (worn)
 P - a +2 pair of gloves (worn)
 T - a +3 ring mail of poison resistance (worn)
Magical Staves
 f - an uncursed staff of conjuration
Jewellery
 v - a +5 ring of protection (left hand)
 A - the amulet of the Air {Inacc +Fly rElec EV+5 RMsl}
   (You found it on level 3 of the Elven Halls)

   [amulet of inaccuracy]

   It reduces the accuracy of all your attacks.
   It affects your evasion (+5).
   It insulates you from electricity.
   It lets you fly.
   It protects you from missiles.
 N - the amulet "Ogipsuo" (around neck) {rElec Regen+ Str+7 Dex-5 SInv}
   (You bought it in a shop on level 1 of the Elven Halls)

   [amulet of regeneration]

   It affects your strength (+7).
   It affects your dexterity (-5).
   It insulates you from electricity.
   It lets you see invisible.
   It increases your rate of regeneration.
 R - a ring of protection from magic (right hand)
Wands
 x - a wand of iceblast (25)
 O - a wand of disintegration (10)
 Y - a wand of digging (5)
Scrolls
 a - 14 scrolls of enchant armour
 d - 11 scrolls of identify
 e - 13 scrolls of remove curse
 l - 6 scrolls of teleportation
 p - 6 scrolls of fog
 r - a scroll of random uselessness {unknown}
 y - a scroll of blinking
 E - 9 scrolls of magic mapping
 F - 4 scrolls of fear
 J - 2 scrolls of amnesia
Potions
 b - 4 potions of heal wounds
 h - 3 potions of ambrosia
 i - 22 potions of curing
 j - 3 potions of cancellation
 n - 6 potions of haste
 o - 6 potions of brilliance
 s - 2 potions of invisibility
 z - 4 potions of flight
 B - 3 potions of berserk rage
 M - 2 potions of agility
 V - a potion of resistance
 W - 2 potions of magic
Comestibles
 c - 53 rations


   Skills:
 - Level 6.0 Fighting
 - Level 10.7 Armour
 - Level 10.0 Dodging
 - Level 2.4 Stealth
 - Level 4.0 Shields
 * Level 24.2 Spellcasting
 * Level 21.3 Conjurations
 - Level 9.1 Hexes
 - Level 6.1 Summonings
 * Level 15.4 Fire Magic
 + Level 10.1 Air Magic


You had 18 spell levels left.
You knew the following spells:

 Your Spells              Type           Power        Failure   Level  Hunger
a - Magic Dart            Conj           ####         0%          1    None
b - Chain Lightning       Conj/Air       ########..   3%          8    #......
c - Iskenderun's Mystic   Conj           ########     0%          4    None
d - Fulminant Prism       Conj/Hex       #######...   0%          4    None
e - Flame Tongue          Conj/Fire      #####        0%          1    None
f - Fireball              Conj/Fire      ########..   0%          5    None
g - Spellforged Servitor  Conj/Summ      #######...   1%          7    None
h - Swiftness             Chrm/Air       ######..     1%          2    None
l - Lightning Bolt        Conj/Air       ########..   1%          5    None
m - Bolt of Fire          Conj/Fire      ########..   1%          6    None
s - Sticky Flame          Conj/Fire      ########     0%          4    None
z - Conjure Flame         Conj/Fire      ########     0%          3    None

Your spell library contained the following spells:

 Spells                   Type           Power        Failure   Level  Hunger
 Fire Storm               Conj/Fire      ########..   16%         9    ####...
 Tornado                  Air            #######...   97%         9    ####...
 Shock                    Conj/Air       ####         0%          1    None
 Sting                    Conj/Pois      ####         0%          1    None
 Searing Ray              Conj           ######       0%          2    None
 Throw Flame              Conj/Fire      ######       0%          2    None
 Throw Frost              Conj/Ice       ######       0%          2    None
 Dazzling Spray           Conj/Hex       ######       0%          3    None
 Inner Flame              Hex/Fire       #######.     0%          3    None
 Static Discharge         Conj/Air       ########     0%          3    None
 Animate Skeleton         Necr           N/A          1%          1    None
 Apportation              Tloc           #####.       1%          1    None
 Beastly Appendage        Tmut           #####.       1%          1    None
 Confusing Touch          Hex            ######       1%          1    None
 Corona                   Hex            #######      1%          1    None
 Freeze                   Ice            ####         1%          1    None
 Infusion                 Chrm           ####         1%          1    None
 Summon Small Mammal      Summ           ####         1%          1    None
 Blink                    Tloc           N/A          1%          2    None
 Call Imp                 Summ           ######..     1%          2    None
 Ensorcelled Hibernation  Hex/Ice        ######       1%          2    None
 Poisonous Vapours        Pois/Air       ######       1%          2    None
 Shroud of Golubria       Chrm/Tloc      #####.....   1%          2    None
 Slow                     Hex            #######.     1%          2    None
 Song of Slaying          Chrm           #####...     1%          2    None
 Sticks to Snakes         Tmut           #####...     1%          2    None
 Confuse                  Hex            #######.     1%          3    None
 Ignite Poison            Fire/Tmut/Pois ######..     1%          3    None
 Mephitic Cloud           Conj/Pois/Air  #######.     1%          3    None
 Portal Projectile        Hex/Tloc       ######       1%          3    None
 Spectral Weapon          Hex/Chrm       ######..     1%          3    None
 Tukima's Dance           Hex            #######.     1%          3    None
 Airstrike                Air            #######...   1%          4    None
 Cause Fear               Hex            #######...   1%          4    None
 Force Lance              Conj/Tloc      #######.     1%          4    None
 Leda's Liquefaction      Hex/Erth       ######....   1%          4    None
 Summon Lightning Spire   Summ/Air       #######.     1%          4    None
 Throw Icicle             Conj/Ice       #######.     1%          4    None
 Venom Bolt               Conj/Pois      #######...   1%          5    None
 Yara's Violent Unravell  Hex/Tmut       ######....   1%          5    None
 Bolt of Cold             Conj/Ice       #######...   1%          6    None
 Freezing Cloud           Conj/Ice/Air   #######...   1%          6    None
 Gell's Gravitas          Tloc           #####.....   3%          3    None
 Lesser Beckoning         Tloc           #####.....   3%          3    None
 Ozocubu's Armour         Chrm/Ice       #####...     3%          3    None
 Regeneration             Chrm/Necr      #####.....   3%          3    None
 Spider Form              Tmut/Pois      #####.....   3%          3    None
 Summon Ice Beast         Ice/Summ       ######..     3%          4    None
 Metabolic Englaciation   Hex/Ice        ######....   4%          5    None
 Ice Form                 Ice/Tmut       #####...     11%         4    None
 Petrify                  Tmut/Erth      #####...     11%         4    None
 Alistair's Intoxication  Tmut/Pois      #####...     30%         5    None
 Blade Hands              Tmut           #####.....   30%         5    None
 Ring of Flames           Chrm/Fire      #######...   36%         7    None
 Ozocubu's Refrigeration  Ice            #####.....   38%         6    None
 Simulacrum               Ice/Necr       #####.....   86%         6    None
 Statue Form              Tmut/Erth      #####....    86%         6    None


Dungeon Overview and Level Annotations

Branches:
Dungeon (15/15)            Temple (0/1) D:4            Lair (6/6) D:10
  Swamp (4/4) Lair:2        Snake (4/4) Lair:4        Slime (0/5) Lair:5
    Orc (2/2) D:9             Elf (3/3) Orc:2        Vaults (0/5) D:13
 Depths (2/5) D:15

Altars:
Ashenzari
Cheibriados
Gozag
Hepliaklqana
Makhleb
Vehumet
Xom
Yredelemnul
Zin
Beogh

Shops:
D:15 ?   Orc:1 [   Orc:2 :[(*   Elf:1 }=}   Elf:2 *   Snake:4 *

Portals:
Hell: Depths:1 Depths:2
Pandemonium: Depths:2
Trove: D:15 (give +4 fire dragon scales)

Annotations:
D:12 1 exclusion
D:13 exclusion: 5 doors
Lair:6 1 runed door, Ytsius's ghost, journeyman HOBe
Depths:1 exclusion: orange crystal statue


Message History

The caustic shrike resists.
The yaktaur shoots a bolt.
The bolt closely misses you. What are your orders? t - Shout!
Orders for allies: a - Attack new target. r - Retreat! s - Stop attacking. g - Guard the area. f - Follow me.
Anything else - Cancel.
Okay, then.
As you read the scroll of teleportation, it crumbles to dust.
You feel strangely unstable. The caustic shrike claws you.
You are splashed with acid!
The acid burns!
* * * LOW HITPOINT WARNING * * *
The caustic shrike closely misses you.
You feel much better.
The caustic shrike burns!
The caustic shrike claws you!!
* * * LOW HITPOINT WARNING * * *
The acid corrodes you!
You are splashed with acid!
The acid burns!
* * * LOW HITPOINT WARNING * * *
The yaktaur shoots a bolt.
You block the bolt. The caustic shrike claws you!
You die...

.........).......
.#.......<.......
#.....(.........
#.....((........
#.........[.....
#...c.......(...
#...............
#..........((...
###...@.......(...
###########....b........
......((.....)).........
.............)).........
............)8.((†.....#
###..........)..........
##........####..#....#
##..................#
#........b....##...


You could see a caustic shrike (burning), a yaktaur and a friendly spellforged
servitor.

Vanquished Creatures
  Vashnia (Snake:4)
  Nikola (Snake:3)
  A lich (Depths:2)
  Rupert (D:13)
  Asterion (Depths:2)
  A deep elf blademaster (Elf:2)
  Frances (D:12)
  2 thorn hunters (Swamp:2)
  7 nagarajas
  2 fire giants
  4 deep elf sorcerers
  A frost giant (D:12)
  3 orc warlords
  3 deep elf elementalists (Elf:3)
  5 stone giants
  6 very ugly things (Depths:2)
  Nessos (D:13)
  4 deep elf demonologists
  A vampire knight (Depths:1)
  A deep elf annihilator (Elf:3)
  6 dire elephants
  3 spark wasps
  4 deep elf death magi
  Snorg (D:10)
  An ettin (Depths:1)
  A fire dragon (Depths:1)
  A deep elf high priest (Elf:3)
  Harold (Orc:1)
  A great orb of eyes (Depths:1)
  25 hydras
  A vault guard (D:13)
  A ghost crab (Swamp:2)
  Erolcha (D:11)
  13 naga warriors
  An ice dragon (Depths:1)
  An anaconda (shapeshifter) (D:12)
  14 anacondas
  A death knight (D:15)
  3 centaur warriors
  10 alligators
  The ghost of Harpaggios the Thaumaturge, a journeyman DEAE of Ashenzari (Lair:1)
  22 dancing weapons
  2 deep troll shamans (Depths:2)
  2 ogre magi (D:12)
  14 two-headed ogres
  Erica (D:8)
  3 deep troll earth magi
  4 orc high priests (Orc:2)
  5 death yaks (Lair:6)
  3 tengu warriors
  Urug (Orc:1)
  14 naga sharpshooters
  4 shock serpents
  Sonja (Lair:5)
  2 spriggans
  6 deep elf knights
  A hell knight (Depths:2)
  A small abomination (Elf:3)
  5 skeletal warriors (D:14)
  A fire crab (Lair:6)
  An iron troll (Depths:1)
  6 sea snakes (Snake:1)
  2 spriggan druids
  A gelid demonspawn (Depths:2)
  2 deep trolls (Depths:1)
  10 swamp dragons
  A wizard (Depths:2)
  7 naga ritualists
  4 orc knights
  3 shambling mangroves (Swamp:4)
  12 deep elf archers
  Pikel (D:4)
  6 mana vipers
  33 deep elf magi
  An oklob plant (Lair:4)
  8 orc sorcerers
  25 ugly things
  3 manticores
  14 salamanders
  10 elephants
  2 cyclopes
  A guardian serpent (Snake:1)
  4 centaur zombies
  27 black mambas
  Maurice (D:8)
  Psyche (D:8)
  19 naga magi
  11 spiny frogs
  6 centaur skeletons
  3 gargoyles
  A rime drake (Lair:4)
  An efreet (D:15)
  7 yaktaurs
  2 freezing wraiths (D:15)
  5 komodo dragons
  3 tengu conjurers
  11 trolls
  3 meliai (D:14)
  12 hornets
  3 tyrant leeches
  A polar bear (shapeshifter) (D:12)
  9 bog bodies
  A hornet (shapeshifter) (D:13)
  A meliai zombie (D:14)
  A snapping turtle (shapeshifter) (D:12)
  19 slime creatures
  11 hippogriffs
  3 shadows
  7 water elementals
  Sigmund (D:5)
  3 fire elementals
  4 wyverns
  A vampire (D:11)
  29 yaks
  2 basilisks (Lair:1)
  4 wraiths
  4 hogs (D:7)
  A human (D:7)
  A neqoxec (Depths:2)
  33 vampire mosquitoes
  Grum (D:10)
  Menkaure (D:5)
  20 swamp worms
  11 insubstantial wisps
  A warg (Orc:2)
  25 water moccasins
  43 nagas
  2 soldier ants (shapeshifter)
  10 porcupines
  6 swamp drakes
  2 slaves (D:4)
  2 black bears
  3 ice beasts
  48 orc warriors
  2 sky beasts
  2 eyes of draining
  A necrophage (D:6)
  2 phantoms
  3 boggarts
  11 wolves
  11 centaurs
  16 ogres
  11 crocodiles
  2 big kobolds (D:11)
  15 bullfrogs
  2 earth elementals (Elf:1)
  2 wyvern zombies
  4 scorpions
  3 wights (D:9)
  2 howler monkeys (D:4)
  14 electric eels
  9 crimson imps
  2 quasits
  9 hounds
  2 jellies (D:12)
  3 bullfrog skeletons
  An iguana (D:6)
  23 orc priests
  22 orc wizards
  Crazy Yiuf (D:4)
  10 worker ants
  A hound zombie (D:9)
  3 hound skeletons
  Robin (D:4)
  A worker ant zombie (D:6)
  A howler monkey skeleton (D:11)
  11 adders
  A shadow imp (D:12)
  4 oozes
  An adder skeleton (D:5)
  2 adder zombies (D:5)
  5 worms
  4 dart slugs
  8 leopard geckos
  115 orcs
  4 giant cockroaches
  8 hobgoblins
  14 jackals
  2 quokkas
  A ball python (D:1)
  3 bats
  9 frilled lizards
  17 goblins
  20 kobolds
  A leopard gecko skeleton (D:8)
  A leopard gecko zombie (D:5)
  A quokka skeleton (D:9)
  9 rats
  2 crawling corpses (Elf:1)
  5 fungi
  12 plants
1266 creatures vanquished.

Vanquished Creatures (collateral kills)
  A deep elf blademaster (Elf:3)
  A deep elf master archer (Elf:3)
  A sphinx (Depths:2)
  A storm dragon (Depths:2)
  A nagaraja (Snake:4)
  2 deep elf sorcerers (Elf:3)
  3 very ugly things (Depths:2)
  A stone giant (Depths:2)
  5 deep elf demonologists
  3 deep elf annihilators (Elf:3)
  4 deep elf death magi (Elf:3)
  An ettin (Depths:1)
  3 deep elf high priests (Elf:3)
  A great orb of eyes (Depths:1)
  4 naga warriors (Snake:4)
  A hydra (D:13)
  A centaur warrior (Depths:2)
  9 dancing weapons (Elf:2)
  A deep troll shaman (Depths:1)
  3 naga sharpshooters (Snake:4)
  A deep elf knight (Elf:2)
  A soul eater (Depths:2)
  3 iron trolls
  2 salamander mystics (Snake:4)
  6 deep trolls
  3 deep elf archers
  2 naga ritualists (Snake:4)
  A mana viper (Snake:4)
  14 deep elf magi
  5 ugly things
  A salamander (Snake:4)
  A black mamba (Snake:4)
  10 naga magi (Snake:4)
  A guardian serpent (Snake:4)
  2 yaktaurs (Depths:2)
  A tormentor (Depths:2)
  2 tengu conjurers
  A polar bear (shapeshifter) (Depths:1)
  An air elemental (Elf:3)
  A water elemental (Elf:2)
  2 fire elementals (Elf:3)
  16 nagas (Snake:4)
  2 boggarts (Depths:2)
  A big kobold (shapeshifter) (Elf:2)
  2 earth elementals (Elf:2)
  A crimson imp (Depths:1)
  A fulminant prism (Elf:2)
  A plant (Snake:4)
132 creatures vanquished.

Vanquished Creatures (others)
  A deep elf death mage (Elf:3)
  2 water elementals (Depths:1)
  384 fulminant prisms
  26 fungi
  30 plants
443 creatures vanquished.

Grand Total: 1841 creatures vanquished

Notes
Turn   | Place    | Note
-------+----------+-------------------------------------------
     0 | D:1      | lorenzova the Deep Elf Conjurer began the quest for the
                  | Orb.
     0 | D:1      | Reached XP level 1. HP: 10/10 MP: 6/6
   118 | D:1      | Reached XP level 2. HP: 8/15 MP: 0/8
   284 | D:1      | Learned a level 2 spell: Searing Ray
   762 | D:1      | Reached skill level 4 in Spellcasting
   765 | D:1      | Reached skill level 5 in Conjurations
   765 | D:1      | Reached XP level 3. HP: 17/19 MP: 1/10
  1548 | D:2      | Reached XP level 4. HP: 24/24 MP: 8/12
  1554 | D:2      | Learned a level 4 spell: Iskenderun's Mystic Blast
  2068 | D:3      | Reached skill level 5 in Spellcasting
  2776 | D:3      | Found an opulent altar of Gozag.
  2779 | D:3      | Found a radiant altar of Vehumet.
  3260 | D:4      | Reached XP level 5. HP: 28/28 MP: 10/14
  3261 | D:4      | Found a hazy altar of Hepliaklqana.
  3604 | D:4      | Found a transporter.
  3609 | D:4      | Noticed a yak
  3609 | D:4      | Noticed a hornet
  3610 | D:4      | Noticed Robin
  3631 | D:4      | Killed Robin
  3723 | D:4      | Noticed Pikel
  3729 | D:4      | Noticed a slave
  3732 | D:4      | Noticed a slave
  3746 | D:4      | Killed a slave
  3748 | D:4      | Killed a slave
  3857 | D:4      | Noticed a slave
  3866 | D:4      | Killed Pikel
  3866 | D:4      | Reached skill level 7 in Spellcasting
  3866 | D:4      | Reached XP level 6. HP: 7/32 MP: 2/18
  3866 | D:4      | Reached XP level 7. HP: 8/36 MP: 2/20
  3963 | D:4      | Reached skill level 8 in Spellcasting
  4041 | D:4      | Got a jewelled hand axe {elec}
  4057 | D:4      | Found a glowing silver altar of Zin.
  4075 | D:3      | Found a shimmering altar of Xom.
  4104 | D:3      | Became a worshipper of Vehumet
  4566 | D:4      | Identified the +1 hand axe of the Dwarven Hall {elec, rF+
                  | MR+ Int+4 Dex-2} (You took it off a goblin on level 4 of
                  | the Dungeon)
  4577 | D:4      | Found a staircase to the Ecumenical Temple.
  4728 | D:4      | Found an opulent altar of Gozag.
  4788 | D:4      | Found a transporter.
  4967 | D:4      | Found a runed door.
  5004 | D:4      | Found a burning altar of Makhleb.
  5059 | D:4      | Noticed Crazy Yiuf
  5062 | D:4      | Killed Crazy Yiuf
  5099 | D:5      | Entered Level 5 of the Dungeon
  5438 | D:5      | Noticed Menkaure
  5450 | D:5      | Learned a level 4 spell: Fulminant Prism
  5486 | D:5      | Killed Menkaure
  5486 | D:5      | Reached skill level 9 in Spellcasting
  5486 | D:5      | Reached skill level 1 in Hexes
  5486 | D:5      | Reached XP level 8. HP: 41/41 MP: 14/23
  5568 | D:5      | Found a basalt altar of Yredelemnul.
  5573 | D:5      | Noticed Sigmund
  5580 | D:5      | Killed Sigmund
  6175 | D:6      | You fall through a shaft!
  6179 | D:7      | Reached skill level 10 in Spellcasting
  6552 | D:6      | Reached * piety under Vehumet
  6552 | D:6      | Offered knowledge of Flame Tongue by Vehumet.
  6718 | D:6      | Learned a level 1 spell: Flame Tongue
  7021 | D:6      | Reached XP level 9. HP: 45/45 MP: 8/25
  7281 | D:7      | Reached skill level 10 in Conjurations
  7379 | D:7      | Found a snail-covered altar of Cheibriados.
  7384 | D:7      | Reached skill level 11 in Spellcasting
  7714 | D:7      | Reached skill level 5 in Hexes
  7873 | D:8      | Reached skill level 12 in Spellcasting
  7885 | D:8      | Reached skill level 1 in Fire Magic
  7885 | D:8      | Noticed Maurice
  8060 | D:8      | Noticed a two-headed ogre
  8075 | D:8      | Killed a two-headed ogre
  8075 | D:8      | Reached XP level 10. HP: 11/50 MP: 4/28
  8565 | D:8      | Noticed Psyche
  8572 | D:8      | Killed Psyche
  8739 | D:8      | Noticed Erica
  8748 | D:8      | Killed Erica
  8756 | D:8      | Reached skill level 13 in Spellcasting
  9079 | D:8      | Found a shattered altar of Ashenzari.
  9247 | D:8      | Killed Maurice
  9823 | D:9      | Found a flagged portal.
  9830 | Bailey   | Entered a bailey
 10004 | Bailey   | Offered knowledge of Throw Flame by Vehumet.
 10011 | Bailey   | Reached ** piety under Vehumet
 11191 | Bailey   | Noticed an orc knight
 11249 | Bailey   | Killed an orc knight
 11249 | Bailey   | Reached XP level 11. HP: 54/54 MP: 5/30
 11869 | D:9      | Offered knowledge of Ignite Poison by Vehumet.
 12039 | D:9      | Reached *** piety under Vehumet
 12223 | D:9      | Offered knowledge of Inner Flame by Vehumet.
 12244 | D:9      | Found a staircase to the Orcish Mines.
 12247 | D:9      | Reached skill level 14 in Spellcasting
 12384 | D:9      | Found a shimmering altar of Xom.
 12384 | D:9      | Found a shimmering altar of Xom.
 12385 | D:9      | Found a shimmering altar of Xom.
 12386 | D:9      | Found a shimmering altar of Xom.
 12617 | D:10     | Entered Level 10 of the Dungeon
 12788 | D:10     | Noticed a two-headed ogre
 12799 | D:10     | Killed a two-headed ogre
 12903 | D:10     | Found a staircase to the Lair.
 13014 | D:10     | Reached skill level 5 in Fire Magic
 13193 | D:10     | Noticed Grum
 13199 | D:10     | Killed Grum
 13723 | D:10     | Reached **** piety under Vehumet
 13881 | D:10     | Noticed Snorg
 13889 | D:10     | Killed Snorg
 13889 | D:10     | Offered knowledge of Bolt of Magma by Vehumet.
 13889 | D:10     | Reached skill level 1 in Armour
 14612 | Lair:1   | Entered Level 1 of the Lair of Beasts
 15109 | Lair:1   | Reached skill level 15 in Spellcasting
 15126 | Lair:1   | Found a runed door.
 15126 | Lair:1   | Noticed a four-headed hydra
 15133 | Lair:1   | Killed a four-headed hydra
 15287 | Lair:1   | Found a shimmering altar of Xom.
 15287 | Lair:1   | Noticed a scimitar of chaos
 15288 | Lair:1   | Noticed Harpaggios's ghost (journeyman DEAE)
 15785 | Lair:2   | Noticed an eight-headed hydra
 15804 | Lair:2   | Killed an eight-headed hydra
 15804 | Lair:2   | Reached XP level 12. HP: 59/59 MP: 21/33
 16156 | Lair:2   | Found a staircase to the Swamp.
 16289 | Lair:2   | Noticed an eight-headed hydra
 16296 | Lair:2   | Killed an eight-headed hydra
 16701 | Lair:3   | Reached ***** piety under Vehumet
 17047 | Lair:3   | Noticed a six-headed hydra
 17168 | Lair:3   | Killed a six-headed hydra
 17370 | Lair:3   | Learned a level 5 spell: Bolt of Magma
 17906 | Lair:4   | Offered knowledge of Iron Shot by Vehumet.
 17906 | Lair:4   | Reached skill level 5 in Armour
 17915 | Lair:4   | Reached skill level 16 in Spellcasting
 17965 | Lair:4   | Reached skill level 5 in Dodging
 18623 | Lair:4   | Found a staircase to the Snake Pit.
 19251 | Lair:5   | Noticed Sonja
 19815 | Lair:5   | Killed Sonja
 20270 | Lair:5   | Noticed a six-headed hydra
 20278 | Lair:5   | Killed a six-headed hydra
 20278 | Lair:5   | Reached XP level 13. HP: 63/63 MP: 7/35
 20762 | Lair:5   | Found a staircase to the Slime Pits.
 20925 | Lair:6   | Entered Level 6 of the Lair of Beasts
 21824 | Lair:6   | Reached skill level 17 in Spellcasting
 21824 | Lair:6   | Reached skill level 15 in Conjurations
 22438 | Lair:6   | Offered knowledge of Irradiate by Vehumet.
 22842 | Lair:6   | Found a runed door.
 22842 | Lair:6   | Noticed Ytsius's ghost (journeyman HOBe)
 23483 | Lair:6   | Noticed a dire elephant
 23483 | Lair:6   | Noticed a dire elephant
 23512 | Lair:6   | Killed a dire elephant
 23516 | Lair:6   | Killed a dire elephant
 23593 | Lair:6   | Noticed a dire elephant
 23598 | Lair:6   | Killed a dire elephant
 23659 | Lair:6   | Noticed a dire elephant
 24103 | Lair:6   | Noticed a dire elephant
 24112 | Lair:6   | Killed a dire elephant
 24190 | Lair:6   | Killed a dire elephant
 24449 | Lair:1   | Killed Harpaggios's ghost
 24449 | Lair:1   | Reached XP level 14. HP: 43/68 MP: 21/37
 25684 | D:11     | Noticed Erolcha
 25689 | D:11     | Killed Erolcha
 25689 | D:11     | Reached skill level 1 in Fighting
 25689 | D:11     | Reached skill level 18 in Spellcasting
 26705 | D:12     | You fall through a shaft for 2 floors!
 26995 | D:13     | Noticed Rupert
 27475 | D:12     | Noticed Frances
 28698 | D:12     | Noticed a frost giant
 28702 | D:12     | Killed a frost giant
 28961 | Orc:1    | Entered Level 1 of the Orcish Mines
 28961 | Orc:1    | Noticed an orc warlord
 28981 | Orc:1    | Killed an orc warlord
 28986 | Orc:1    | Noticed Urug
 29156 | Orc:1    | Offered knowledge of Venom Bolt by Vehumet.
 29167 | Orc:1    | Noticed Harold
 29175 | Orc:1    | Killed Harold
 29718 | Orc:1    | Reached skill level 10 in Fire Magic
 30005 | Orc:1    | Killed Urug
 30105 | Orc:1    | Reached XP level 15. HP: 78/78 MP: 28/39
 30383 | Orc:1    | Found Ixyhoehi's Antique Armour Shoppe.
 30672 | Orc:2    | Entered Level 2 of the Orcish Mines
 30758 | Orc:2    | Noticed an orc warlord
 30769 | Orc:2    | Killed an orc warlord
 30769 | Orc:2    | Reached skill level 19 in Spellcasting
 31399 | Orc:2    | Found Ymoetyv's Antique Armour Shop.
 31686 | Orc:2    | Found Ukkauk's Antique Weapon Shop.
 31687 | Orc:2    | Found Voklarig's Book Shop.
 31860 | Orc:2    | Noticed an orc warlord
 31868 | Orc:2    | Killed an orc warlord
 32148 | Orc:2    | Found Beokanae's General Store.
 32185 | Orc:2    | Found a staircase to the Elven Halls.
 32420 | Orc:2    | Found a roughly hewn altar of Beogh.
 32631 | Orc:2    | Bought a book of Flames for 350 gold pieces
 32637 | Orc:2    | Learned a level 4 spell: Sticky Flame
 32643 | Orc:2    | Learned a level 5 spell: Fireball
 32704 | Orc:2    | Bought a potion of haste for 130 gold pieces
 32763 | Orc:2    | Bought a shiny ring mail for 126 gold pieces
 32794 | Orc:2    | Bought a glowing scarf for 144 gold pieces
 33185 | D:12     | Offered knowledge of Lightning Bolt by Vehumet.
 33192 | D:12     | Learned a level 5 spell: Lightning Bolt
 33459 | D:12     | Identified the Almanac of Ashen Displacement
 33488 | D:12     | Learned a level 3 spell: Conjure Flame
 33727 | D:12     | Killed Frances
 34025 | D:13     | Reached skill level 1 in Air Magic
 34193 | D:13     | Noticed Nessos
 34198 | D:13     | Killed Nessos
 34520 | D:13     | Reached skill level 10 in Armour
 36944 | D:15     | Entered Level 15 of the Dungeon
 37406 | D:15     | Found a staircase to the Depths.
 37491 | D:15     | Found Fuled's Magic Scroll Emporium.
 37524 | D:15     | Bought a scroll of fog for 26 gold pieces
 37524 | D:15     | Bought a scroll of teleportation for 39 gold pieces
 38049 | D:15     | Reached skill level 20 in Spellcasting
 38683 | D:15     | Found a portal to a secret trove of treasure.
 38947 | Orc:1    | Bought a shiny ring mail for 161 gold pieces
 39164 | Snake:1  | Entered Level 1 of the Snake Pit
 39170 | Snake:1  | Reached XP level 16. HP: 48/86 MP: 22/42
 39592 | Swamp:1  | Entered Level 1 of the Swamp
 42425 | Snake:1  | Reached ****** piety under Vehumet
 42425 | Snake:1  | Offered knowledge of Spellforged Servitor by Vehumet.
 42434 | Snake:1  | Learned a level 7 spell: Spellforged Servitor
 43131 | Snake:2  | Reached skill level 5 in Air Magic
 44079 | Snake:2  | Reached skill level 21 in Spellcasting
 45850 | Snake:3  | Reached skill level 1 in Summonings
 45852 | Snake:3  | Reached XP level 17. HP: 73/90 MP: 22/44
 46268 | Snake:3  | Noticed Nikola
 46609 | Elf:1    | Entered Level 1 of the Elven Halls
 46663 | Orc:2    | Bought a wand of digging (6) for 260 gold pieces
 46663 | Orc:2    | Bought 2 potions of haste for 260 gold pieces
 47079 | Swamp:2  | Offered knowledge of Conjure Ball Lightning by Vehumet.
 47616 | Swamp:1  | Reached skill level 1 in Shields
 48107 | Swamp:2  | Learned a level 2 spell: Swiftness
 50705 | Swamp:4  | Entered Level 4 of the Swamp
 52573 | Swamp:4  | Offered knowledge of Bolt of Fire by Vehumet.
 52581 | Swamp:4  | Learned a level 6 spell: Bolt of Fire
 52686 | Swamp:4  | Reached skill level 22 in Spellcasting
 52806 | Swamp:4  | Got a decaying rune of Zot
 54651 | Elf:1    | Reached XP level 18. HP: 85/95 MP: 37/46
 55100 | Elf:1    | Noticed an Ice Fiend
 55436 | Elf:1    | Found Fileytis's Gadget Shoppe.
 55437 | Elf:1    | Found Loig's Jewellery Boutique.
 55439 | Elf:1    | Found Moezag's Gadget Shoppe.
 55455 | Elf:1    | Bought the amulet "Ogipsuo" {rElec Regen+ Str+7 Dex-5 SInv}
                  | for 838 gold pieces
 56263 | Snake:3  | Killed Nikola
 56263 | Snake:3  | Reached skill level 5 in Summonings
 56410 | Snake:4  | Entered Level 4 of the Snake Pit
 56626 | Snake:4  | Noticed Vashnia
 56790 | Snake:4  | Killed Vashnia
 56885 | Snake:4  | Found Majiu's Assorted Antiques.
 56893 | Snake:4  | Bought 2 potions of heal wounds for 280 gold pieces
 56893 | Snake:4  | Bought a scroll labeled QOSUCW ATITWIK for 28 gold pieces
 57061 | Snake:4  | Got a twisted trident
 57071 | Snake:3  | Identified the +9 trident of Limo {speed, rN+ MP+9 Str-3
                  | Dex+3} (You found it on level 4 of the Snake Pit)
 58076 | Snake:4  | Reached skill level 10 in Dodging
 59167 | Snake:4  | Got a serpentine rune of Zot
 59212 | Snake:4  | Offered knowledge of Fire Storm by Vehumet.
 59212 | Snake:4  | Offered knowledge of Chain Lightning by Vehumet.
 59212 | Snake:4  | Offered knowledge of Tornado by Vehumet.
 60058 | Snake:4  | Reached XP level 19. HP: 103/103 MP: 47/47
 60286 | Lair:1   | Learned a level 8 spell: Chain Lightning
 60635 | Elf:2    | Found Ozxaaqor's Assorted Antiques.
 60820 | Elf:2    | Reached skill level 23 in Spellcasting
 60992 | Elf:2    | Reached XP level 20. HP: 80/108 MP: 41/49
 61150 | Elf:2    | Got a jewelled ring mail
 61221 | Elf:1    | Identified the +1 ring mail of the Republic {rElec rC+}
                  | (You found it on level 2 of the Elven Halls)
 61300 | Elf:2    | Found a runed gate.
 61307 | Elf:2    | Found a runed gate.
 61365 | Elf:2    | Found a runed gate.
 62693 | Elf:3    | Entered Level 3 of the Elven Halls
 64197 | Elf:3    | Got a fine chain mail
 64203 | Elf:3    | Got a fine rapier {flame}
 64287 | Elf:2    | Identified the +3 chain mail of Disguise {rElec Str-5
                  | Dex+7} (You took it off a deep elf blademaster on level 3
                  | of the Elven Halls)
 64298 | Elf:2    | Identified the +3 rapier "Gulluitt" {flame, *Corrode MR+++
                  | MP-9 Str+8} (You took it off a deep elf death mage on level
                  | 3 of the Elven Halls)
 64828 | Elf:3    | Got a bronze leather armour
 64840 | Elf:3    | Identified the +1 leather armour "Qiorr" {MR++} (You took
                  | it off a deep elf high priest on level 3 of the Elven
                  | Halls)
 64902 | Elf:3    | Identified the Tome of Envenoming
 64922 | Elf:3    | Found the amulet of the Air {Inacc +Fly rElec EV+5 RMsl}
 64930 | Elf:3    | Identified the Disquisition on Aid and Feathers
 65996 | D:13     | Found a gate to the Vaults.
 66081 | D:13     | Killed Rupert
 66493 | Depths:1 | Entered Level 1 of the Depths
 66999 | Depths:1 | Got a bloodstained great sword
 68120 | Depths:1 | Found a gateway to Hell.
 68580 | Depths:2 | Noticed Asterion
 68973 | Depths:2 | Reached skill level 15 in Fire Magic
 68999 | Depths:2 | Reached skill level 24 in Spellcasting
 69517 | Depths:2 | Reached XP level 21. HP: 112/112 MP: 31/51
 69857 | Depths:1 | Reached skill level 10 in Air Magic
 69941 | Depths:2 | Killed Asterion
 70336 | Depths:2 | Found a one-way gate leading to the halls of Pandemonium.
 70667 | Depths:2 | Noticed a caustic shrike
 70682 | Depths:2 | Mangled by a caustic shrike

Skill      XL: |  1  2  3  4  5  6  7  8  9 10 11 12 13 14 15 16 17 18 19 20 21 |
---------------+----------------------------------------------------------------+-----
Spellcasting   | 4 5 7 9 10 12 13 15 16 17 18 20 21 22 23 24 | 24.2
Conjurations   | 5 7 8 9 11 12 13 14 15 16 17 18 19 20 21 | 21.3
Hexes          | 1 4 6 7 9 |  9.1
Fire Magic     | 2 4 6 7 8 10 11 12 13 15 | 15.4
Armour         | 3 5 7 9 10 | 10.7
Dodging        | 3 5 7 9 10 | 10.0
Fighting       | 3 4 6 |  6.0
Air Magic      | 3 5 7 8 9 10 | 10.1
Summonings     | 1 4 6 |  6.1
Shields        | 3 4 |  4.0
Stealth        | |  2.4

Action                   |  1- 3 |  4- 6 |  7- 9 | 10-12 | 13-15 | 16-18 | 19-21 || total
-------------------------+-------+-------+-------+-------+-------+-------+-------++-------
Melee: Unarmed           |    17 |       |       |       |       |       |       ||    17
       Dagger            |     4 |       |       |       |       |       |       ||     4
       Hand axe          |       |       |    29 |    15 |   154 |    47 |    21 ||   266
 Cast: Magic Dart        |    90 |   111 |    94 |   202 |   173 |    43 |     5 ||   718
       Searing Ray       |     1 |     7 |     8 |     3 |    37 |       |       ||    56
       Iskenderun's Myst |       |     3 |    48 |   217 |   299 |   469 |    76 ||  1112
       Fulminant Prism   |       |       |     8 |    73 |   126 |   109 |    72 ||   388
       Flame Tongue      |       |       |    12 |    13 |     6 |       |       ||    31
       Bolt of Magma     |       |       |       |     2 |   138 |    97 |       ||   237
       Conjure Flame     |       |       |       |       |    32 |     9 |    16 ||    57
       Fireball          |       |       |       |       |     2 |    59 |    17 ||    78
       Sticky Flame      |       |       |       |       |       |    40 |     5 ||    45
       Bolt of Fire      |       |       |       |       |       |    73 |    75 ||   148
       Swiftness         |       |       |       |       |       |     3 |     2 ||     5
       Spellforged Servi |       |       |       |       |       |    26 |   104 ||   130
       Lightning Bolt    |       |       |       |       |       |    11 |     2 ||    13
       Chain Lightning   |       |       |       |       |       |       |    21 ||    21
 Abil: Evoke Flight      |       |       |       |       |       |       |     2 ||     2
Evoke: Wand              |       |       |       |     2 |       |       |     1 ||     3
  Use: Scroll            |     4 |       |     9 |    11 |    12 |     7 |     8 ||    51
       Potion            |       |       |       |       |     4 |     2 |     2 ||     8
 Stab: Sleeping          |     1 |       |       |       |     1 |       |       ||     2
       Distracted        |       |       |       |       |       |       |     1 ||     1
  Eat: Chunk             |    10 |     3 |    18 |    33 |    50 |    42 |    11 ||   167
       Ration            |       |       |       |     1 |       |     6 |     7 ||    14
Armor: Leather armour    |       |       |    36 |    40 |    83 |     1 |       ||   160
       Scale mail        |       |       |       |       |    79 |       |       ||    79
       Ring mail         |       |       |       |       |     1 |   119 |    73 ||   193
Dodge: Dodged            |    17 |    10 |    31 |    88 |   187 |   106 |    44 ||   483
Block: Buckler           |       |       |       |       |    13 |    73 |    31 ||   117
       Reflection        |       |       |       |       |       |     3 |       ||     3
